 Dungeon Crawl Stone Soup version 0.31-a0-965-g8a8ce12e04 (webtiles) character file.

Game seed: 3268180327202708553

324 Pixllover the Conjurer (level 6, 0/33 HPs)
             Began as a Kobold Conjurer on Oct 26, 2023.
             Slain by an orc
             ... wielding a +0 hand axe
              (5 damage)
             ... on level 4 of the Dungeon.
             The game lasted 00:06:24 (3073 turns).

Pixllover the Conjurer (Kobold Conjurer)            Turns: 3073, Time: 00:06:25

Health: 0/33       AC:  3    Str:  4    XL:     6   Next: 78%
Magic:  1/11       EV: 15    Int: 21    God:
Gold:   149        SH:  0    Dex: 14    Spells: 8/11 levels left

rFire   . . .        f - +0 war axe
rCold   . . .        (no shield)
rNeg    . . .        a - +0 robe
rPois   .            e - +0 helmet
rElec   .            (no cloak)
rCorr   .            (no gloves)
SInv    .            (no boots)
Will    .....        (no amulet)
Stlth   ++++         (no ring)
HPRegen 0.25/turn    (no ring)
MPRegen 0.12/turn

%: no passive effects
@: no status effects
A: small, no large weapons, nightstalker 3
a: no special abilities


You were on level 4 of the Dungeon.
You visited 1 branch of the dungeon, and saw 4 of its levels.

You collected 149 gold pieces.

Inventory:

Hand Weapons
 f - a +0 war axe (weapon)
Armour
 a - a +0 robe (worn)
 e - a +0 helmet (worn)
Wands
 h - a wand of flame (22)
Scrolls
 d - a scroll of enchant armour {unknown}
 g - 2 scrolls of fog {unknown}
 j - 2 scrolls of teleportation {unknown}
 k - a scroll of revelation {unknown}
Potions
 b - a potion of magic
 c - a potion of mutation {unknown}
 i - 2 potions of heal wounds {unknown}


   Skills:
 + Level 0.9 Fighting
 + Level 1.6 Axes
 + Level 3.5 Dodging
 + Level 4.1 Stealth
 + Level 3.4 Spellcasting
 + Level 5.7 Conjurations


You had 8 spell levels left.
You knew the following spells:

 Your Spells              Type           Power      Damage    Failure   Level
a - Magic Dart            Conj           100%       1d8       1%          1
b - Searing Ray           Conj           54%        2d6       1%          2

Your spell library contained the following spells:

 Spells                   Type           Power      Damage    Failure   Level
 Dazzling Flash           Conj/Hex       30%        N/A       12%         3
 Fulminant Prism          Conj/Hex       7%         3d6       36%         4
 Iskenderun's Mystic Bla  Conj/Tloc      15%        2d5       36%         4


Dungeon Overview and Level Annotations

Branches:
Dungeon (4/15)
 Temple: D:4-7

Altars:


Innate Abilities, Weirdness & Mutations

You are small and have problems with some larger weapons.
You are completely attuned to the shadows.


Message History

Casting: Searing Ray (safe; 1% risk of failure)
Confirm with . or Enter, or press ? or * to list all spells.
Restarting spell: Searing Ray (safe; 1% risk of failure)
Press: ? - help, Shift-Dir - straight line, f/p - orc priest
Aim: an orc priest, wielding a +0 trident (heavily wounded, 79% to hit)
The searing ray misses the orc.
The searing ray hits the orc priest.
The orc priest is almost dead. (Press . to maintain the ray.)
You hear the slow rusting of a very distant drain.
The orc priest closely misses you.
An orc comes into view. It is wielding a +0 short sword.
The orc closely misses you.
Casting: Searing Ray (safe; 1% risk of failure)
Confirm with . or Enter, or press ? or * to list all spells.
Restarting spell: Searing Ray (safe; 1% risk of failure)
Press: ? - help, Shift-Dir - straight line, f/p - orc priest
Aim: an orc priest, wielding a +0 trident (almost dead, 79% to hit)
The searing ray hits the orc but does no damage.
The searing ray hits the orc priest!
You kill the orc priest! (Press . to maintain the ray.)
An orc comes into view. It is wielding a +0 flail.
The orc closely misses you.
Casting: Searing Ray (safe; 1% risk of failure)
Confirm with . or Enter, or press ? or * to list all spells.
Aiming: Magic Dart (safe; 1% risk of failure)
Press: ? - help, Shift-Dir - straight line, f - orc
Aim: an orc, wielding a +0 hand axe and wearing a +0 chain mail (100% to hit)
The magic dart hits the orc but does no damage.
The orc barely misses you.
You hit the orc but do no damage. The orc hits you with a +0 hand axe.
* * * LOW HITPOINT WARNING * * *
Your magical contamination has completely faded away.
You hit the orc but do no damage. The orc hits you with a +0 hand axe.
* * * LOW HITPOINT WARNING * * *
The orc closely misses you.
You hit the orc.
The orc is lightly wounded.
The orc hits you with a +0 hand axe.
You die...

##'## #.# #.#
.. ##†###.#
##......#
#.......# #
##....#.
#)#####.#.#
#ooo@...#.#
#.#####.#.# #
#
#.#.#######.#
#.#......<..#
#.###########


You could see 3 orcs.

Vanquished Creatures
  Sigmund (D:2)
  An orc priest (D:4)
  Jessica (D:2)
  An orc wizard (D:4)
  4 adders
  2 worms
  An orc (D:3)
  2 ball pythons
  10 bats
  5 endoplasms
  A giant cockroach (D:1)
  5 hobgoblins
  A quokka (D:3)
  A frilled lizard (D:2)
  3 goblins
  3 kobolds
  5 rats
47 creatures vanquished.

Notes
Turn   | Place    | Note
-------+----------+-------------------------------------------
     0 | D:1      | Pixllover the Kobold Conjurer began the quest for the Orb.
     0 | D:1      | Reached XP level 1. HP: 10/10 MP: 3/3
   413 | D:1      | Reached XP level 2. HP: 15/15 MP: 0/5
  1198 | D:2      | Learned a level 2 spell: Searing Ray
  1259 | D:2      | Reached XP level 3. HP: 19/19 MP: 4/6
  1286 | D:2      | Noticed Sigmund
  1296 | D:2      | Killed Sigmund
  1297 | D:2      | Reached skill level 5 in Conjurations
  1297 | D:2      | Reached XP level 4. HP: 24/24 MP: 1/8
  1297 | D:2      | Reached XP level 5. HP: 28/28 MP: 1/9
  1380 | D:2      | Reached XP level 6. HP: 26/32 MP: 6/10
  1380 | D:2      | Noticed Jessica
  1388 | D:2      | Killed Jessica
  1838 | D:3      | Reached skill level 1 in Axes
  3073 | D:4      | Slain by an orc

Illustrated notes

Levels and vault maps discovered:
D:1:      minmay_arrival_four_circles, layout_basic, minmay_pentomino_z2
D:2:      layout_rooms, st_stairs_1, uniq_jessica, uniq_sigmund
D:3:      layout_loops_corners
D:4:      corexii_shack_village, layout_loops_corners, minitemple,
          minmay_temple_entry_waves, serial_bayou, serial_bayou_crossing,
          serial_bayou_shore_b, serial_bayou_pond_d, serial_bayou_shore_b,
          lightli_sewer_entry_pipes, nicolae_stop_n_shop_1, hex_tiny

Skill      XL: |  1  2  3  4  5  6 |
---------------+-------------------+-----
Dodging        | 3 |  3.5
Stealth        | 3 4 |  4.1
Spellcasting   | 3 |  3.4
Conjurations   | 5 |  5.7
Axes           | 1 |  1.6
Fighting       | |  0.9

Action                     |  1- 3 |  4- 6 || total
---------------------------+-------+-------++-------
  Melee: War axe           |    10 |    98 ||   108
         Unarmed           |     1 |       ||     1
         Punch             |       |     1 ||     1
   Cast: Magic Dart        |    37 |     7 ||    44
         Searing Ray       |     1 |    10 ||    11
   Stab: Sleeping          |     1 |     7 ||     8
         Distracted        |       |     1 ||     1
 Armour: Robe              |     8 |    64 ||    72
  Dodge: Dodged            |    27 |   111 ||   138

Table legend: (Time is in decaauts)
 A = Elapsed time spent in this place.
 B = Non-inter-level travel time spent in this place.
 C = Inter-level travel time spent in this place.
 D = Time resting spent in this place.
 E = Time spent auto-exploring this place.
 F = Levels seen in this place.
 G = Mean time per level.
                   A        B        C        D        E       F      G
               +--------+--------+--------+--------+--------+-----+--------+
         Total |   3119 |   3070 |     49 |    304 |   1870 |   4 |  779.8 |
       Dungeon |   3119 |   3070 |     49 |    304 |   1870 |   4 |  779.8 |
               +--------+--------+--------+--------+--------+-----+--------+

Top non-repeatable levels by time:
     D:3: 1181 daAuts
     D:1: 1076 daAuts
     D:2: 653 daAuts
     D:4: 208 daAuts
